 Dungeon Crawl Stone Soup version 0.28.0-43-g3370ac3207 (webtiles) character file.

Game seed: 10902277707845797311

849 Peloso the Slasher (level 7, 0/55 (61) HPs)
             Began as a Minotaur Fighter on Mar 28, 2022.
             Was an Initiate of Okawaru.
             Slain by a wight
             ... wielding a +5 great sword
              (13 damage)
             ... on level 6 of the Dungeon.
             The game lasted 00:08:40 (5877 turns).

Peloso the Slasher (Minotaur Fighter)               Turns: 5877, Time: 00:08:41

HP:   0/55 (61)     AC: 10    Str: 21    XL:     7   Next: 69%
MP:   6/6           EV:  8    Int:  5    God:    Okawaru [......]
Gold: 255           SH:  5    Dex: 11    Spells: 6/6 levels left

rFire   . . .      SeeInvis .   a - +0 long sword
rCold   . . .      Faith    .   c - +0 buckler
rNeg    . . .      Spirit   .   p - +0 chain mail
rPois   .          Reflect  .   (helmet restricted)
rElec   .          Harm     .   (no cloak)
rCorr   +          Rampage  .   (no gloves)
Will    .....                   (no boots)
Stlth   ..........              (no amulet)
HPRegen 0.18/turn               r - ring of resist corrosion
MPRegen 0.10/turn               v - ring of flight

@: flying, drained
A: horns 2, retaliatory headbutt
a: Renounce Religion


You were on level 6 of the Dungeon.
You worshipped Okawaru.
Okawaru was noncommittal.
You visited 2 branches of the dungeon, and saw 7 of its levels.

You collected 255 gold pieces.

Inventory:

Hand Weapons
 a - a +0 long sword (weapon)
Armour
 b - a +0 scale mail
 c - a +0 buckler (worn)
 p - a +0 chain mail (worn)
Jewellery
 q - an amulet of the acrobat
 r - a ring of resist corrosion (left hand)
 v - a ring of flight (right hand)
Scrolls
 e - 4 scrolls of teleportation {unknown}
 f - 2 scrolls of torment
 k - 4 scrolls of summoning
 l - 2 scrolls of magic mapping {unknown}
 m - 2 scrolls of silence {unknown}
 n - 11 scrolls of identify {unknown}
 u - a scroll of vulnerability {unknown}
 w - a scroll of enchant armour {unknown}
Potions
 d - a potion of might
 g - 2 potions of resistance {unknown}
 h - a potion of flight {unknown}
 i - 3 potions of curing {unknown}
 j - a potion of degeneration {unknown}
 o - a potion of heal wounds {unknown}
 s - 3 potions of haste {unknown}
 t - 2 potions of magic {unknown}
 x - 2 potions of ambrosia {unknown}


   Skills:
 + Level 5.2 Fighting
 + Level 7.0 Long Blades
 + Level 6.5 Armour
 + Level 1.8 Dodging
 + Level 0.5 Stealth
 + Level 5.2 Shields


You had 6 spell levels left.
You didn't know any spells.
Your spell library contained the following spells:

 Spells                   Type           Power      Damage    Failure   Level
 Foxfire                  Conj/Fire      0%         2x1d4     99%         1
 Magic Dart               Conj           0%         1d3       99%         1
 Conjure Flame            Conj/Fire      0%         6-21      100%        3
 Inner Flame              Hex/Fire       0%         N/A       100%        3
 Mephitic Cloud           Conj/Pois/Air  0%         N/A       100%        3
 Flame Wave               Conj/Fire      0%         2d4       100%        4
 Call Imp                 Summ           Unusable   N/A       N/A         2

Dungeon Overview and Level Annotations

Branches:
Dungeon (6/15)             Temple (1/1) D:6

Altars:
Ashenzari
Cheibriados
Dithmenos
Elyvilon
Hepliaklqana
Makhleb
Nemelex Xobeh
Okawaru
Qazlal
Ru
Uskayaw
Xom

Shops:
D:1 =


Innate Abilities, Weirdness & Mutations

You have a pair of horns on your head.
You reflexively headbutt those who attack you in melee.


Message History

An adder comes into view.
An adder is nearby!
An adder is nearby!
The adder hisses angrily.
Found 15 gold pieces.
You slash the adder!
The adder is severely wounded.
The adder bites you but does no damage. You block the adder's attack.
You slash the adder!
You kill the adder!
Okawaru accepts your kill.
Your Long Blades skill increases to level 7!
Found a scroll labelled KELEREQUALL.
A wight comes into view. It is wielding a +5 great sword.
Found an emerald potion.
A wight is nearby!
A wight is nearby!
A wight comes into view. It is wielding a +1 long sword.
A wight comes into view. It is wielding a +0 spear.
The wight hits you with a +5 great sword!
You see here a scroll labelled KELEREQUALL.
You hit the wight but do no damage.
The wight hits you with a +5 great sword.
You feel drained.
You hit the wight but do no damage.
The wight hits you with a +5 great sword!
You feel drained.
You slash the wight! You headbutt the wight.
The wight is heavily damaged.
The wight hits you with a +5 great sword!
* * * LOW HITPOINT WARNING * * *
You feel drained.
* * * LOW HITPOINT WARNING * * *
You hit the wight but do no damage. You headbutt the wight.
The wight is severely damaged.
The wight barely misses you. You block the wight's attack.
You hit the wight but do no damage. Your headbutt misses the wight.
The wight is severely damaged.
The wight hits you with a +5 great sword!
You die...

####.###(###.## ##...#
.......#..#...#####.....#
##.............##.......##
###......##.............?#
#.........##.#.....###....
.#........#..##......#.. .
...#...#.................
##.#..####<..............
##.#.## ##.....@.....$..
#..#..###......zz........
................z........
...##.##.####............
#.......>.# #..........!
##.)......###...........
####)......#............
####................###.
.#...............


You could see 3 wights.

Vanquished Creatures
  A water moccasin (D:5)
  2 black bears (D:5)
  A kobold brigand (D:4)
  A scorpion (D:6)
  A bullfrog zombie (D:5)
  2 centaur zombies (D:5)
  Jessica (D:3)
  3 iguanas (D:5)
  An orc wizard (D:3)
  4 adders
  4 gnolls (D:3)
  A shadow imp (D:5)
  A white imp (D:5)
  An ufetubus (D:5)
  An adder skeleton (D:4)
  2 worms
  3 dart slugs
  8 orcs
  5 ball pythons
  4 bats
  7 endoplasms
  5 giant cockroaches
  10 goblins
  9 hobgoblins
  2 jackals (D:3)
  6 kobolds
  3 quokkas
  2 frilled lizards (D:2)
  6 rats
97 creatures vanquished.

Vanquished Creatures (others)
  6 plants (D:6)
6 creatures vanquished.

Grand Total: 103 creatures vanquished

Notes
Turn   | Place    | Note
-------+----------+-------------------------------------------
     0 | D:1      | Peloso the Minotaur Fighter began the quest for the Orb.
     0 | D:1      | Reached XP level 1. HP: 19/19 MP: 0/0
   323 | D:1      | Reached XP level 2. HP: 26/27 MP: 1/1
   545 | D:1      | Found Foibon's Jewellery Emporium.
  1089 | D:2      | Reached XP level 3. HP: 33/33 MP: 2/2
  1211 | D:2      | Reached skill level 3 in Long Blades
  2376 | D:3      | Reached skill level 1 in Dodging
  2376 | D:3      | Reached XP level 4. HP: 38/40 MP: 3/3
  2751 | D:3      | Reached XP level 5. HP: 21/47 MP: 4/4
  2927 | D:3      | Reached skill level 4 in Long Blades
  3126 | D:3      | Noticed Jessica
  3130 | D:3      | Killed Jessica
  3349 | D:4      | Noticed an ogre
  4008 | D:4      | Reached skill level 5 in Armour
  4252 | D:4      | Found a hide-covered altar of Uskayaw.
  4256 | D:4      | Noticed a +0 hand axe
  4257 | D:4      | Noticed a +0 hand axe
  4267 | D:4      | Reached skill level 5 in Long Blades
  4311 | D:5      | Entered Level 5 of the Dungeon
  4381 | D:5      | Reached XP level 6. HP: 42/53 MP: 5/5
  4650 | D:5      | Noticed a water moccasin
  4658 | D:5      | Killed a water moccasin
  4659 | D:5      | Reached skill level 6 in Long Blades
  4659 | D:5      | Reached XP level 7. HP: 30/60 MP: 6/6
  5163 | D:5      | Reached skill level 5 in Fighting
  5163 | D:5      | Reached skill level 5 in Shields
  5482 | D:6      | Found a staircase to the Ecumenical Temple.
  5488 | Temple   | Entered the Ecumenical Temple
  5566 | Temple   | Became a worshipper of Warmaster Okawaru
  5865 | D:6      | Reached skill level 7 in Long Blades
  5877 | D:6      | Slain by a wight

Illustrated notes

Levels and vault maps discovered:
D:1:      scummos_arrival_checkerplants, layout_loops_corners, serial_shops,
          shop
D:2:      layout_loops_corners, dk_noncrumbling_4, st_stairs_11
D:3:      layout_loops_ring, uniq_jessica
D:4:      layout_gridville, dancing_weapons_uskayaw, kennysheep_minor_cross,
          roderic_filled_cross
D:5:      black_bear_nest_2, layout_basic
D:6:      layout_cave_pools, minmay_temple_entry_gardened_gates,
          serial_column_ruins, column_ruins_hut_ruined,
          column_ruins_hut_pillars, column_ruins_open_small,
          column_ruins_grid_1, column_ruins_open_small,
          column_ruins_open_medium, chequers_big_river, serial_bayou_ford_a
Temple:   mainiacjoe_temple_hex_bubbles

Skill      XL: |  1  2  3  4  5  6  7 |
---------------+----------------------+-----
Armour         | 4 5 6 |  6.5
Fighting       | 4 5 |  5.2
Shields        | 4 5 |  5.2
Long Blades    | 3 5 6 7 |  7.0
Dodging        | 1 |  1.8
Stealth        | |  0.5

Action                   |  1- 3 |  4- 6 |  7- 9 || total
-------------------------+-------+-------+-------++-------
Melee: Long sword        |    90 |   106 |    50 ||   246
       Headbutt          |    16 |    28 |    12 ||    56
  Use: Scroll            |     2 |       |       ||     2
Armor: Scale mail        |    50 |     5 |       ||    55
       Chain mail        |       |    65 |    39 ||   104
Dodge: Dodged            |    44 |    45 |    26 ||   115
Block: Buckler           |    19 |    30 |    13 ||    62
